[Event "45th FIDE Olympiad 2024"]
[Site "Budapest"]
[Date "2024.09.11"]
[Round "1.152"]
[White "Mutuge, Ian"]
[Black "Kurmann, Oliver"]
[Result "0-1"]
[ECO "B30"]
[WhiteElo "1938"]
[BlackElo "2421"]
[Annotator "TA"]
[PlyCount "80"]
[EventDate "2024.09.05"]
[EventType "team-tourn"]
[EventCountry "HUN"]
[SourceTitle "playchess.com"]
[Source "ChessBase"]
[SourceQuality "1"]
[WhiteTeam "Kenya"]
[BlackTeam "Switzerland"]
[WhiteTeamCountry "KEN"]
[BlackTeamCountry "SUI"]
[TimeControl "40/5400+30:1800+30"]

1. e4 c5 2. Nf3 Nc6 3. Bb5 e6 4. c3 Qb6 5. Bd3 g6 6. O-O Bg7 7. Na3 Nge7 8. Bc2 {[%cal Oe4e5] The position is equal.} d5 9. d3 O-O 10. Qe1 h6 11. h3 e5 12. exd5 Nxd5 13. Nc4 Qc7 14. a4 Be6 15. Bd2 Rfe8 16. Qc1 Nf4 17. Bxf4 exf4 18. Re1 Rad8 19. Ncd2 b6 20. Re2 a6 {Black is more active.} 21. Qe1 b5 22. axb5 axb5 23. Bb3 Bd7 (23... Rxd3 $6 24. Bxe6 Rxe6 (24... fxe6 $2 25. Rxe6 Rxe6 26. Qxe6+ Kh7 27. Ra6 $18) 25. Rxe6 fxe6 26. Qxe6+ Kh7 27. Ra6 $16) 24. Ne4 {Excellent horsemanship.} Ne5 25. Nxe5 Rxe5 (25... Qxe5 26. Ra6 Qh5 27. f3 $16 (27. Rf6 $2 Rxe4 28. Bxf7+ Kh8 $19)) (25... Bxe5 {simplifies} 26. f3 Be6 27. Bxe6 Rxe6 28. Nf2 Rde8) 26. d4 cxd4 27. cxd4 Ree8 {[#]} (27... Rf5 $1 $11) 28. Rc1 (28. Ra6 $1 $16 Kh8 (28... Bxd4 $2 29. Rxg6+ Kh8 30. Bxf7 $18) 29. Bxf7) 28... Qb8 $11 {Black wants to play ...f3.} 29. d5 (29. Nc5 $1 $11) 29... f3 $1 $36 {[%mdl 2048] Black is in control.} 30. gxf3 (30. Re3 $17 {was called for.}) 30... Qf4 $1 $19 {[%cal Og7d4] ...Bd4! is the strong threat.} (30... Bxh3 31. d6 $16) 31. Kg2 {[#]} Bxh3+ $1 32. Kxh3 Qxf3+ 33. Ng3 (33. Kh2 {was worth a try.} Re5 (33... Qxb3 34. Nf6+ Bxf6 35. Rxe8+ Kh7 36. Rxd8 $16) 34. Ng3 (34. Nc3 $2 Rh5+ 35. Kg1 Rh1#) 34... Rxe2 35. Qxe2 Qxb3 36. Rc5) 33... Rxe2 34. Qxe2 Qxb3 35. d6 $2 (35. Rc5) 35... Rxd6 ({Inferior is} 35... Bxb2 36. Rb1 $14) 36. Rc8+ Kh7 {[%cal Od6e6] Threatens to win with ...Re6!} 37. Kg2 Qd5+ (37... Bxb2 38. Qe8 Qd5+ 39. Ne4 $11) 38. Kh2 (38. Qe4 $142) 38... Re6 {Black is clearly winning.} 39. Qc2 Bd4 {Hoping for ...Qf3.} 40. Rc7 Rf6 {Weighted Error Value: White=0.72/Black=0.10 (very precise) .  Mistake:       	White=6     	Black=1      Inaccurate:     	White=2     	Black=3      OK:         	White=7     	Black=17     Best:        	White=1     	Black=1      Strong:       	---       	Black=2} 0-1

[Event "45th FIDE Olympiad 2024"]
[Site "Budapest"]
[Date "2024.09.11"]
[Round "1.153"]
[White "Thomas, Saah"]
[Black "Fier, Alexandr"]
[Result "0-1"]
[ECO "B23"]
[WhiteElo "1939"]
[BlackElo "2551"]
[Annotator "TA"]
[PlyCount "80"]
[EventDate "2024.09.05"]
[EventType "team-tourn"]
[EventCountry "HUN"]
[SourceTitle "playchess.com"]
[Source "ChessBase"]
[SourceQuality "1"]
[WhiteTeam "Liberia"]
[BlackTeam "Brazil"]
[WhiteTeamCountry "LBR"]
[BlackTeamCountry "BRA"]
[TimeControl "40/5400+30:1800+30"]

1. e4 c5 2. Nc3 Nc6 3. f4 g6 4. Nf3 Bg7 5. Bc4 e6 6. O-O Nge7 7. Qe1 O-O 8. e5 (8. Bb3 $11 {remains equal.}) 8... d5 9. Be2 a6 (9... Nf5 $17) 10. d3 {Black has an edge.} b5 11. Nd1 Nb4 ({Black should play} 11... f6 $15) 12. Qd2 d4 13. a3 Nbd5 14. Ng5 Nf5 15. Ne4 Qb6 16. Qe1 h5 17. g4 hxg4 18. Bxg4 (18. Ndf2 $1 $15) 18... Bb7 $17 19. Bxf5 exf5 20. Ng5 {Loses the game.} (20. Nd6 $17) 20... f6 21. exf6 Nxf6 ({Resist} 21... Qxf6 22. Qe6+ Qxe6 23. Nxe6 $19) 22. Qe6+ Qxe6 23. Nxe6 {[#]} Rfe8 24. Nxc5 Bd5 {White is weak on the light squares} 25. Bd2 Re2 {[%mdl 1024] Black has strong compensation.} 26. Rf2 Rae8 27. h3 {Prevents Ng4} (27. c4 $142 bxc4 28. dxc4 Bxc4 29. Rc1 Re1+ 30. Bxe1 Rxe1+ 31. Kg2 Bd5+ (31... Be2 32. Rxe2 Rxe2+ 33. Kf1 $17) 32. Kh3) 27... Nh5 $19 {[%cal Oe2d2] [#] Strongly threatening ...Rxd2!} 28. b3 $2 (28. Nxa6 Rxd2 (28... Re1+ 29. Bxe1 Rxe1+ 30. Rf1 $11) 29. Rxd2 Re1+ 30. Kf2) 28... Bf6 29. c4 $2 (29. Ne4 R2xe4 30. dxe4 fxe4 31. c3) 29... dxc3 30. Nxc3 Rxf2 31. Kxf2 Bd4+ 32. Be3 Bxe3+ {A strong pair of Bishops.} 33. Ke1 Bxc5+ 34. Kd1 Bxb3+ 35. Kc1 Bd4 36. Kb2 Ba4 {Black mates.} 37. Rc1 Nxf4 38. Kb1 Nxd3 39. Nxa4 Nxc1 40. Kxc1 bxa4 {Weighted Error Value: White=1.15/Black=0.18 (very precise) .  Loses game:     	White=1     	---        Mistake:       	White=4     	Black=2      Inaccurate:     	White=3     	Black=1      OK:         	White=8     	Black=6      Best:        	White=1     	Black=3} 0-1

[Event "45th FIDE Olympiad 2024"]
[Site "Budapest"]
[Date "2024.09.11"]
[Round "1.154"]
[White "Quintiliano, Renato R."]
[Black "Barcon, Harmon"]
[Result "1-0"]
[ECO "E09"]
[WhiteElo "2499"]
[BlackElo "1968"]
[Annotator "TA"]
[PlyCount "99"]
[EventDate "2024.09.05"]
[EventType "team-tourn"]
[EventCountry "HUN"]
[SourceTitle "playchess.com"]
[Source "ChessBase"]
[SourceQuality "1"]
[WhiteTeam "Brazil"]
[BlackTeam "Liberia"]
[WhiteTeamCountry "BRA"]
[BlackTeamCountry "LBR"]
[TimeControl "40/5400+30:1800+30"]

1. d4 Nf6 2. c4 e6 3. g3 d5 4. Bg2 Be7 5. Nf3 O-O 6. O-O c6 7. Nbd2 Nbd7 8. Qc2 Re8 9. Rd1 Bf8 10. e4 dxe4 11. Nxe4 Nxe4 {White is slightly better.} 12. Qxe4 Nf6 13. Qc2 h6 14. Bf4 Bd6 15. Ne5 Nh5 16. Be3 Qc7 17. Nd3 Qd8 18. Qe2 Nf6 19. Ne5 Bd7 20. g4 {g5 is the strong threat.} Qc7 ({Black should try} 20... Nh7 $1 $14) 21. h4 $16 Red8 ({Don't go for} 21... Bxe5 $2 22. dxe5 Nh7 (22... Qxe5 $2 {perishes.} 23. g5 $18) 23. Rd6 $18) 22. g5 hxg5 23. hxg5 Nh7 24. Bf4 Be8 25. c5 Bxe5 26. Bxe5 Qe7 {Black is weak on the dark squares} 27. f4 {Rd3 would now be deadly.} f6 28. gxf6 gxf6 29. Bd6 Rxd6 30. cxd6 Qxd6 31. Rd3 Bg6 32. Be4 (32. Rg3 {is more complex.} Nf8 33. Qe3 Kf7 34. Bf3) 32... f5 33. Bg2 Rd8 34. Qe5 Kf7 35. Rb3 b6 (35... Qd7 $142) 36. Rc1 (36. Rd1 $16) 36... Qxd4+ $14 37. Qxd4 Rxd4 38. Rxc6 Kf6 39. Rc7 Rxf4 40. Rxa7 Rg4 (40... Ng5 $14) 41. Rxb6 {White has more active pieces.} Ng5 42. Ra3 f4 {[#]} (42... Rd4 $14) 43. Kf1 $1 $16 Bf5 44. Rc3 Ne4 45. Rcc6 {aiming for Bxe4.} Nd2+ {Loses the game.} (45... Ng5 $16 {was necessary.}) 46. Kf2 $18 Rg3 47. Rb4 {Inhibits Be4. White is clearly winning.} Ke5 48. Rc5+ Kd6 {[#]} 49. Rxf5 exf5 50. Rd4+ {Weighted Error Value: White=0.12 (very precise) /Black=0.29 (precise) .  Loses game:     	---       	Black=1      Mistake:       	White=1     	Black=4      Inaccurate:     	White=3     	Black=3      OK:         	White=12    	Black=9      Best:        	White=1     	Black=7      Strong:       	White=1     	---} 1-0

[Event "45th FIDE Olympiad 2024"]
[Site "Budapest"]
[Date "2024.09.11"]
[Round "1.155"]
[White "David, Leroy Debblay"]
[Black "Di Berardino, Diego Rafael"]
[Result "0-1"]
[ECO "E11"]
[WhiteElo "1904"]
[BlackElo "2472"]
[Annotator "TA"]
[PlyCount "105"]
[EventDate "2024.09.05"]
[EventType "team-tourn"]
[EventCountry "HUN"]
[SourceTitle "playchess.com"]
[Source "ChessBase"]
[SourceQuality "1"]
[WhiteTeam "Liberia"]
[BlackTeam "Brazil"]
[WhiteTeamCountry "LBR"]
[BlackTeamCountry "BRA"]
[TimeControl "40/5400+30:1800+30"]

1. d4 Nf6 2. c4 e6 3. Nf3 Bb4+ 4. Bd2 a5 5. a3 Bxd2+ 6. Qxd2 b6 7. Nc3 Bb7 8. e3 O-O {White has an edge.} 9. Bd3 d5 10. cxd5 exd5 11. O-O c5 12. Rac1 Nbd7 13. Rfd1 Qe7 14. Qe2 Rfd8 15. Bb5 Qe6 16. Na4 {Strongly threatening Bxd7.} Rac8 17. Rc2 Ne4 18. Bxd7 Rxd7 19. Ne5 (19. dxc5 $142 bxc5 20. Rdc1) 19... Rdc7 20. Rdc1 c4 21. Nc3 Nd6 (21... f6 $5 22. Nf3 $8 Nxc3 23. bxc3 Bc6 $15) 22. a4 $1 f6 23. Nf3 Bc6 24. Qd2 (24. Nd2 $11 {is superior.}) 24... Be8 $15 25. Re1 Bh5 $36 {[%mdl 2048] Black fights for an advantage.} 26. Ne2 (26. Qe2 $15) 26... Ne4 {Black is more active.} 27. Qc1 {[#] This costs White the game.} (27. Qd1 $17) 27... Bxf3 $1 $19 28. gxf3 {[%cal Oe2f4] And now Nf4! would win.} Ng5 29. Nf4 {Inhibits Qh3.} (29. Ng3 $142 Nxf3+ 30. Kg2 Nxe1+ 31. Qxe1) 29... Nxf3+ {Black is clearly winning.} 30. Kf1 Qg4 ({Not} 30... Nxh2+ 31. Kg2 Qd6 32. e4 $11 (32. Kxh2 g5 $17)) 31. Rd1 Nxh2+ 32. Ke1 Nf3+ 33. Kf1 Rd7 34. b3 Re8 35. bxc4 Nh2+ 36. Ke1 Qxf4 37. cxd5 Ng4 38. Re2 Qf3 {[%cal Og4f2] [#] Hoping for ...Nxf2!} 39. Qc6 Qxd5 40. Qxd5+ Rxd5 41. e4 Rd6 42. f3 Nh6 43. Kf2 Rc8 44. d5 g5 45. Rb1 Nf7 46. Reb2 Rc4 47. Rxb6 Rxb6 48. Rxb6 {KRN-KR} Kg7 49. Ke3 Rxa4 50. d6 Ne5 {( -> ...Nc4+)} 51. Rb7+ Kg6 52. Ra7 Nc4+ 53. Kd4 {Weighted Error Value: White=0.45/Black=0.30.  Loses game:     	White=1     	---        Mistake:       	White=4     	---        Inaccurate:     	White=4     	Black=3      OK:         	White=11    	Black=11     Best:        	---       	Black=2      Strong:       	White=1     	Black=1} 0-1

[Event "45th FIDE Olympiad 2024"]
[Site "Budapest"]
[Date "2024.09.11"]
[Round "1.156"]
[White "Do Valle Cardoso, Lucas"]
[Black "Obediah, Saah"]
[Result "1-0"]
[ECO "B12"]
[WhiteElo "2364"]
[BlackElo "1976"]
[Annotator "ChessBase"]
[PlyCount "59"]
[EventDate "2024.09.05"]
[EventType "team-tourn"]
[EventCountry "HUN"]
[SourceTitle "playchess.com"]
[Source "ChessBase"]
[SourceQuality "1"]
[WhiteTeam "Brazil"]
[BlackTeam "Liberia"]
[WhiteTeamCountry "BRA"]
[BlackTeamCountry "LBR"]
[TimeControl "40/5400+30:1800+30"]

1. e4 c6 2. d4 d5 3. e5 c5 4. dxc5 Nc6 5. Nf3 Bg4 6. c3 e6 7. Be3 Bxf3 8. Qxf3 Nxe5 9. Bb5+ Nc6 10. O-O Nf6 11. Rd1 a6 12. Ba4 Qc7 13. Nd2 Be7 14. b4 O-O 15. Bc2 Rfd8 16. Nb3 Qe5 17. Rac1 Qh5 18. Qxh5 Nxh5 19. a4 e5 20. b5 axb5 21. axb5 Na5 22. c6 Nc4 23. c7 Rd7 24. b6 g6 25. Ra1 Rc8 26. Nc5 Nxe3 27. Nxd7 Nxd1 28. Bxd1 Nf4 29. Nxe5 Bd6 30. Nc6 1-0

[Event "45th FIDE Olympiad 2024"]
[Site "Budapest"]
[Date "2024.09.11"]
[Round "1.157"]
[White "Blomqvist, Erik"]
[Black "Ndahangwapo, Heskiel"]
[Result "1-0"]
[ECO "B41"]
[WhiteElo "2491"]
[BlackElo "2011"]
[Annotator "TA"]
[PlyCount "47"]
[EventDate "2024.09.05"]
[EventType "team-tourn"]
[EventCountry "HUN"]
[SourceTitle "playchess.com"]
[Source "ChessBase"]
[SourceQuality "1"]
[WhiteTeam "Sweden"]
[BlackTeam "Namibia"]
[WhiteTeamCountry "SWE"]
[BlackTeamCountry "NAM"]
[TimeControl "40/5400+30:1800+30"]

1. e4 c5 2. Nf3 e6 3. d4 cxd4 4. Nxd4 a6 5. c4 Nf6 6. Nc3 Qc7 7. a3 Nc6 8. Be3 Ne5 9. Be2 h5 10. h3 {Inhibits Neg4. Black must now prevent f4.} Nxc4 $2 {[#]} (10... Ng6 $16) 11. Bxc4 $18 {White has a decisive advantage.} Qxc4 12. Rc1 Qc7 13. Ncb5 Qb8 (13... Qa5+ $142 14. b4 Qxb5) 14. Nc7+ {White is clearly winning.} Kd8 15. O-O {Black is weak on the dark squares} Ra7 {[#]} 16. Ndxe6+ $1 fxe6 17. Nxe6+ Ke7 18. Nf4 Rh6 19. e5 Qxe5 20. Rxc8 Kf7 21. Qb3+ d5 22. Bxa7 Qxf4 23. Qxb7+ Kg8 24. Be3 {White took control after the opening.   Weighted Error Value: White=1.27/Black=1.06.  Loses game:     	---       	Black=1      Mistake:       	---       	Black=1      Inaccurate:     	---       	Black=2      OK:         	White=2     	---        Best:        	White=2     	Black=1} 1-0

[Event "45th FIDE Olympiad 2024"]
[Site "Budapest"]
[Date "2024.09.11"]
[Round "1.158"]
[White "Eichab, Charles"]
[Black "Hillarp Persson, Tiger"]
[Result "0-1"]
[ECO "A21"]
[WhiteElo "2013"]
[BlackElo "2457"]
[Annotator "TA"]
[PlyCount "58"]
[EventDate "2024.09.05"]
[EventType "team-tourn"]
[EventCountry "HUN"]
[SourceTitle "playchess.com"]
[Source "ChessBase"]
[SourceQuality "1"]
[WhiteTeam "Namibia"]
[BlackTeam "Sweden"]
[WhiteTeamCountry "NAM"]
[BlackTeamCountry "SWE"]
[TimeControl "40/5400+30:1800+30"]

1. c4 e5 2. Nc3 Bb4 3. g3 Bxc3 4. bxc3 d6 5. Bg2 Nc6 6. d3 Nge7 7. Nf3 O-O 8. O-O h6 9. Ne1 Be6 10. f4 Qd7 {The position is equal.} 11. Nf3 Bh3 12. Bd2 Bxg2 13. Kxg2 Rae8 14. Rf2 Ng6 15. Qc1 f5 {Black is more active.} 16. e3 (16. Rb1 $17 {keeps fighting.}) 16... e4 $19 17. Ne1 exd3 18. Qb1 Na5 19. Qxd3 (19. Qb5 $17 {might work better.} Qc6+ 20. Qxc6 Nxc6 (20... bxc6 21. c5 $17) 21. Nxd3) 19... c5 20. Nc2 Re4 21. Na3 Ne7 22. Rd1 Qe6 23. Bc1 Rd8 (23... Nxc4 24. Nxc4 Rxc4 25. Qxd6 Qe4+ 26. Kh3 $11) 24. h3 Kh7 25. Kf3 Nxc4 26. g4 $2 (26. Nxc4 Rxc4 (26... Qxc4 $2 27. Qxc4 Rxc4 28. Bd2 $19) 27. Kg2) 26... fxg4+ 27. hxg4 {[#]} Ne5+ $1 {[%mdl 512] Excellent horsemanship.} 28. Kxe4 (28. Ke2 Qxg4+) 28... Qg6+ 29. f5 Qxg4+ {White did not feel at home in the position after the opening.   Weighted Error Value: White=1.04/Black=0.10 (very precise) .  Mistake:       	White=3     	---        Inaccurate:     	White=3     	Black=1      OK:         	White=5     	Black=8      Best:        	---       	Black=1} 0-1

[Event "45th FIDE Olympiad 2024"]
[Site "Budapest"]
[Date "2024.09.11"]
[Round "1.159"]
[White "Lokander, Martin"]
[Black "Schwarz, Bernhard"]
[Result "1-0"]
[ECO "C11"]
[WhiteElo "2469"]
[BlackElo "1875"]
[Annotator "TA"]
[PlyCount "73"]
[EventDate "2024.09.05"]
[EventType "team-tourn"]
[EventCountry "HUN"]
[SourceTitle "playchess.com"]
[Source "ChessBase"]
[SourceQuality "1"]
[WhiteTeam "Sweden"]
[BlackTeam "Namibia"]
[WhiteTeamCountry "SWE"]
[BlackTeamCountry "NAM"]
[TimeControl "40/5400+30:1800+30"]

1. d4 e6 2. e4 d5 3. Nc3 Nf6 4. e5 Ng8 5. a3 c5 6. dxc5 $1 Bxc5 7. Qg4 Kf8 8. Nf3 {White is better.} Nc6 9. Bd3 Nge7 {[#]} 10. Na4 $1 {White is much more active. The black rooks are passive.} Bb6 11. Nxb6 Qxb6 12. O-O Ng6 13. Re1 Qc7 14. b4 Bd7 15. b5 Nce7 16. a4 a6 17. Ba3 {bxa6 is the strong threat.} axb5 (17... Kg8 18. Qd4 Qc8) 18. axb5 $18 {And now Bxe7+ would win.} Qc3 {[#]} (18... Re8 {was necessary.} 19. h4 h5) 19. Bb2 $1 Qc8 20. Rxa8 Qxa8 {Black is weak on the dark squares} 21. h4 h5 22. Qb4 Kg8 (22... Ke8 {keeps fighting.} 23. Ra1 Qb8) 23. Ra1 Qb8 24. Qd6 Qxd6 25. exd6 Nc8 (25... f6 $142 26. dxe7 Kf7) 26. Bxg6 fxg6 27. Ra8 Kf8 28. Ne5 Ke8 29. Nxg6 Rg8 30. Ne7 Kf7 31. Nxg8 Kxg8 {[%mdl 4096] Endgame. KRB-KBN} 32. Rb8 {Strongly threatening b6.} Kf8 33. Rxb7 {White mates.} Ke8 34. Be5 g6 35. b6 Bc6 36. Rc7 Nxb6 37. Rxc6 {Black did not feel at home in the position after the opening.   Weighted Error Value: White=0.08 (flawless) /Black=0.63.  Mistake:       	---       	Black=4      Inaccurate:     	---       	Black=2      OK:         	White=11    	Black=6      Strong:       	White=1     	---        Brilliant:      	White=1     	---} 1-0

[Event "45th FIDE Olympiad 2024"]
[Site "Budapest"]
[Date "2024.09.11"]
[Round "1.160"]
[White "Khoa, Goodwill"]
[Black "Pantzar, Milton"]
[Result "0-1"]
[ECO "C55"]
[WhiteElo "1890"]
[BlackElo "2437"]
[Annotator "TA"]
[PlyCount "88"]
[EventDate "2024.09.05"]
[EventType "team-tourn"]
[EventCountry "HUN"]
[SourceTitle "playchess.com"]
[Source "ChessBase"]
[SourceQuality "1"]
[WhiteTeam "Namibia"]
[BlackTeam "Sweden"]
[WhiteTeamCountry "NAM"]
[BlackTeamCountry "SWE"]
[TimeControl "40/5400+30:1800+30"]

1. e4 e5 2. Nf3 Nc6 3. Bc4 Nf6 4. Nc3 Nxe4 5. Nxe5 Nxe5 6. Qe2 Nxc4 7. Nxe4 {[%cal Re4d6] [#]} Be7 8. Nf6+ {Black is winning.} (8. Ng3 d5) 8... gxf6 9. Qxc4 d5 10. Qe2 Rg8 11. g3 Bh3 {Hoping for ...d4.} 12. d4 Qd7 {Repels Qb5} 13. Be3 O-O-O 14. O-O-O Rde8 15. a3 Bf8 16. Qd2 Bg2 17. Rhg1 Bf3 18. Rde1 Bd6 19. h4 Re6 20. Qc3 Rge8 21. Bd2 Rxe1+ 22. Rxe1 Rxe1+ 23. Bxe1 Qe6 24. b4 Qe2 25. Qd2 Qxd2+ 26. Kxd2 Be4 27. c3 Kd7 28. Ke3 Bb1 29. Kd2 Bf8 30. Ke3 Kc6 31. a4 Bc2 32. a5 Kb5 33. Kd2 Bg6 34. f4 Bf5 35. Bf2 b6 36. axb6 cxb6 37. Be1 Kc4 {[#] ...a5 is the strong threat.} 38. Bf2 a5 {Black mates.} 39. bxa5 bxa5 40. Be1 a4 41. Kc1 Ba3+ 42. Kd1 Bb2 43. g4 Bxg4+ 44. Kc2 a3 {White did not feel at home in the position after the opening.   Weighted Error Value: White=0.36/Black=0.20 (precise) .  OK:         	White=4     	Black=11     Best:        	White=1     	---} 0-1

[Event "45th FIDE Olympiad 2024"]
[Site "Budapest"]
[Date "2024.09.11"]
[Round "1.161"]
[White "Giasi, Viresh"]
[Black "Nogerbek, Kazybek"]
[Result "0-1"]
[ECO "A50"]
[WhiteElo "1998"]
[BlackElo "2519"]
[Annotator "TA"]
[PlyCount "72"]
[EventDate "2024.09.05"]
[EventType "team-tourn"]
[EventCountry "HUN"]
[SourceTitle "playchess.com"]
[Source "ChessBase"]
[SourceQuality "1"]
[WhiteTeam "Suriname"]
[BlackTeam "Kazakhstan"]
[WhiteTeamCountry "SUR"]
[BlackTeamCountry "KAZ"]
[TimeControl "40/5400+30:1800+30"]

1. d4 Nf6 2. c4 b6 3. Nc3 Bb7 4. f3 Nc6 5. e4 e5 6. Nge2 exd4 7. Nxd4 Nxd4 8. Qxd4 {White is slightly better.} Bc5 9. Qe5+ Be7 10. Bf4 d6 11. Qd4 O-O 12. O-O-O Nd7 13. Nd5 Bxd5 14. Qxd5 a5 15. e5 {[#]} (15. Kb1 $11 {keeps the balance.}) 15... Bg5 $1 $17 16. g3 Nxe5 (16... dxe5 $2 {perishes.} 17. Bxg5 Qxg5+ 18. f4 $18) 17. Bxg5 Qxg5+ 18. f4 Qh6 19. Qd2 Nd7 {Black is more active.} 20. Bg2 Rad8 21. Rde1 a4 ({Black should play} 21... Rfe8 $17 22. Bc6 Rxe1+ 23. Rxe1 Nc5) 22. Re3 Qh5 23. Qd4 (23. Qd5 $15 Qg6 24. Rhe1) 23... Qa5 24. Rhe1 {[#]} a3 $1 25. b3 b5 26. Bc6 bxc4 27. Qxc4 Nf6 ({Better is} 27... Nb8 $15 28. b4 Qh5) 28. Qd4 (28. b4 $11 Qa7 29. b5) 28... Rb8 $36 {[%mdl 2048] White is under strong pressure.} 29. R1e2 Rb4 30. Qd2 {[#]} (30. Qc3 $17 {keeps fighting.}) 30... Qb6 $1 $19 31. Rc3 h6 $2 (31... d5 $19 {is more deadly. ...Ne4 would now be deadly.} 32. Rc2 Re4) 32. Qe1 $2 (32. Qe3 $17) 32... Rb8 33. Qd2 (33. Qf2 {was necessary.}) 33... Rd4 34. Qc2 (34. Qe3) 34... d5 {Threatens to win with ...Ne4.} 35. Qf5 {[#]} Re4 $1 36. Kd2 (36. Rg2 Re1+) 36... Qd4+ {Weighted Error Value: White=0.82/Black=0.32.  Loses game:     	White=1     	---        Missed win:     	---       	Black=1      Mistake:       	White=6     	Black=2      Inaccurate:     	White=4     	Black=4      OK:         	White=10    	Black=12     Best:        	White=2     	Black=2      Strong:       	---       	Black=2} 0-1

[Event "45th FIDE Olympiad 2024"]
[Site "Budapest"]
[Date "2024.09.11"]
[Round "1.162"]
[White "Suleymenov, Alisher"]
[Black "Yeung, Jason"]
[Result "1-0"]
[ECO "D15"]
[WhiteElo "2484"]
[BlackElo "1993"]
[Annotator "TA"]
[PlyCount "97"]
[EventDate "2024.09.05"]
[EventType "team-tourn"]
[EventCountry "HUN"]
[SourceTitle "playchess.com"]
[Source "ChessBase"]
[SourceQuality "1"]
[WhiteTeam "Kazakhstan"]
[BlackTeam "Suriname"]
[WhiteTeamCountry "KAZ"]
[BlackTeamCountry "SUR"]
[TimeControl "40/5400+30:1800+30"]

1. d4 d5 2. c4 c6 3. Nf3 Nf6 4. Nc3 dxc4 5. e4 b5 6. a4 (6. Be2 $11) 6... b4 $15 7. Na2 a5 8. e5 Nd5 {The position is equal.} 9. Bxc4 e6 10. Bg5 Qb6 11. O-O h6 12. Bh4 Ba6 13. Rc1 Nd7 14. Re1 g5 {...Bxc4 would now be deadly.} 15. Bg3 Be7 16. h3 Bxc4 (16... Qb7 $15 {should be considered.}) 17. Rxc4 $11 c5 18. dxc5 Nxc5 19. Nd4 Rd8 {White must now prevent ...Qb7.} 20. Nc1 $1 Qa6 (20... O-O $11) 21. Qc2 $16 Nb6 ({Of course not} 21... Nc3 22. Rxc5 Bxc5 23. bxc3 $16) 22. Rxc5 Rxd4 (22... Bxc5 $14 23. Qxc5 Nxa4 24. Qc6+ (24. Qc2 Rxd4 25. Qxa4+ Kf8 $11) 24... Qxc6 25. Nxc6 Rd5) 23. Rb5 (23. Rc6 $16) 23... O-O $1 $14 24. Qc6 {Repels Rd5. Threatens to win with Nb3.} Bd8 25. Nb3 Rc4 26. Nc5 Qc8 27. Qxc8 (27. Rxb6 $2 {loses.} Bxb6 (27... Rxc5 28. Qxc8 Rxc8 29. Rb7 $17) 28. Qxb6 Qxc5 $19 (28... Rxc5 $2 29. Kh2 $19)) 27... Nxc8 28. Nd7 $36 {[%mdl 2048] White has good play.} Re8 29. Nf6+ Kf8 {Black is now going downhill.} (29... Bxf6 $11 {and Black has nothing to worry.} 30. exf6 Rc2) 30. Nxe8 $18 Kxe8 31. f3 Rc2 32. Bf2 {Prevents Bb6. Strongly threatening Rc5.} Ne7 33. Rb1 Nd5 34. Rc5 Rxf2 35. Kxf2 {White is clearly winning.} Bb6 {[#]} 36. Rbc1 Nc3 {[#]} (36... Kd7 37. Ke1) 37. bxc3 Bxc5+ {[%mdl 4096] Endgame. KR-KB} 38. Ke2 Kd7 39. cxb4 Bxb4 40. Kd3 h5 41. Ke4 h4 42. Rc2 Be7 43. f4 gxf4 44. Kxf4 Ke8 45. Kg4 Kd7 {Dodges Rc8} 46. Rf2 Ke8 47. Kh5 Kf8 48. Rf4 Kg7 49. Rc4 {Weighted Error Value: White=0.11 (very precise) /Black=0.38.  Loses game:     	---       	Black=1      Mistake:       	White=1     	Black=4      Inaccurate:     	White=1     	Black=3      OK:         	White=16    	Black=13     Best:        	White=3     	Black=1      Strong:       	White=1     	Black=1} 1-0